 Dungeon Crawl Stone Soup version 0.30.1-11-g7821555f0a (webtiles) character file.

Game seed: 11195592380772379470

1044 Kavrick the Ruffian (level 8, 0/78 HPs)
             Began as a Troll Monk on Nov 3, 2023.
             Was a Believer of Qazlal.
             Succumbed to Duvessa's poison
             ... on level 4 of the Dungeon.
             The game lasted 00:10:56 (3726 turns).

Kavrick the Ruffian (Troll Monk)                    Turns: 3726, Time: 00:10:56

Health: 0/78       AC:  4    Str: 22    XL:     8   Next: 4%
Magic:  9/9        EV: 11    Int:  6    God:    Qazlal [**....]
Gold:   510        SH:  2    Dex: 12    Spells: 7/7 levels left

rFire   . .          .
                       - Unarmed
rCold   . . .        c - orb {light}
rNeg    + . .        a - +0 robe
rPois   .            (helmet restricted)
rElec   .            (no cloak)
rCorr   .            (gloves unavailable)
SInv    .            (boots unavailable)
Will    .....        (no amulet)
Stlth   +            l - ring of positive energy
HPRegen 1.13/turn    (no ring)
MPRegen 0.11/turn

%: no passive effects
@: lethally poisoned (0 -> -13), glowing
A: large, unfitting armour, claws 3, regeneration 1, shaggy fur 1, tough skin 1
a: Renounce Religion, Upheaval


You were on level 4 of the Dungeon.
You worshipped Qazlal.
Qazlal was pleased with you.
You visited 2 branches of the dungeon, and saw 6 of its levels.
You also visited: Sewer.

You collected 510 gold pieces.

Inventory:

Armour
 a - a +0 robe (worn)
 c - an orb of light (worn)
Jewellery
 l - a ring of positive energy (left claw)
Scrolls
 e - 4 scrolls of enchant weapon
 g - a scroll of noise {unknown}
 i - a scroll of poison
 j - 2 scrolls of fear
 m - 2 scrolls of identify
Potions
 b - 2 potions of ambrosia
 d - a potion of flight {unknown}
 f - 2 potions of berserk rage
 h - a potion of might {unknown}
 k - a potion of degeneration {unknown}
 n - 2 potions of curing {unknown}
 q - a potion of haste
 r - a potion of magic
 s - a potion of cancellation {unknown}


   Skills:
 + Level 4.2 Fighting
 + Level 4.3 Dodging
 * Level 6.6 Unarmed Combat
 + Level 3.3 Invocations


You had 7 spell levels left.
You didn't know any spells.
Your spell library contained the following spells:

 Spells                   Type           Power      Damage    Failure   Level
 Inner Flame              Hex/Fire       0%         N/A       83%         3
 Animate Dead             Necr           0%         N/A       99%         4
 Flame Wave               Conj/Fire      0%         2d4       99%         4
 Sticky Flame             Conj/Fire      0%         2d3       99%         4
 Haunt                    Necr/Summ      0%         N/A       100%        7
 Infestation              Necr           0%         N/A       100%        8


Dungeon Overview and Level Annotations

Branches:
Dungeon (5/15)             Temple (1/1) D:4           Sewer (visited)

Altars:
Ashenzari
Cheibriados
Elyvilon
Fedhas
Makhleb
Okawaru
Qazlal
Vehumet
Wu Jian
Zin

Annotations:
D:4 Duvessa


Innate Abilities, Weirdness & Mutations

You are too large for most types of armour.
You have claws for hands.
Your natural rate of healing is unusually fast.
You are covered in fur. (AC +1)
You have tough skin. (AC +1)


Message History

Dowan zaps a wand.
You resist with some effort.
You claw Dowan!
You kill Dowan!
Qazlal accepts your kill.
Duvessa screams, "No!
How DARE you!"
Duvessa goes berserk!
You block Duvessa's attack.
You hear an angry hiss.
You claw Duvessa!
Duvessa is moderately wounded.
Duvessa completely misses you.
You barely miss Duvessa.
Duvessa is moderately wounded.
Duvessa hits you with a +2 short sword of venom.
You scratch Duvessa but do no damage.
Duvessa is moderately wounded.
Duvessa hits you with a +2 short sword of venom!
The orc barely misses you.
Duvessa hits you with a +2 short sword of venom!!
You are poisoned.
You scratch Duvessa but do no damage.
Duvessa is moderately wounded.
You feel very sick.
A water moccasin comes into view.
Duvessa misses you. The orc closely misses you.
You feel very sick. The iguana closely misses you. The orc misses you.
You feel very sick. Duvessa closely misses you. The iguana bites you.
There is a stone staircase leading up here.
You can't go down here!
You feel very sick.
Duvessa hits you with a +2 short sword of venom!
* * * LOW HITPOINT WARNING * * *
You are more poisoned.
The iguana bites you!
* * * LOW HITPOINT WARNING * * *
The orc hits you but does no damage.
You climb upwards.
Reactivating autopickup.
You die...

.....## #.#....# #...# #.#
...#..####.#....# #...# #)#
...##......#....# #...# #.#
...######.......# #...###.## #
...### ##.#..<..## ##.(..##..# #
.....###.........####.....#######
...#...........)...##.......##(..
...###..##..#...##.)[........'(..
...# #####..##.o@e.########..#...
...# ##..###l.### ##.#### .###
##..##....#### #.# #. .#
########...#)##....#####.# #. .#
#.....###.^....###...##..# #. .##
#.....##.........#......####.
..###.....##..........)...#......
#.#.......##...........##.#####..
#.#.#..>.............###.........


You could see Duvessa (berserk, invisible), an iguana and an orc.

Vanquished Creatures
  Grinder (D:4)
  Menkaure (D:4)
  Pargi (Sewer)
  An ogre (D:4)
  3 scorpions (D:4)
  Dowan (D:5)
  A howler monkey (D:4)
  A jelly (D:4)
  An orc priest (D:4)
  2 iguanas (D:4)
  6 adders
  A worm (D:2)
  4 dart slugs
  5 orcs
  6 bats
  5 endoplasms
  4 giant cockroaches
  15 goblins
  9 hobgoblins
  8 jackals (D:1)
  4 quokkas
  12 ball pythons
  2 frilled lizards
  8 kobolds
  10 rats
112 creatures vanquished.

Vanquished Creatures (others)
  An orc priest (D:5)
1 creature vanquished.

Grand Total: 113 creatures vanquished

Notes
Turn   | Place    | Note
-------+----------+-------------------------------------------
     0 | D:1      | Kavrick the Troll Monk began the quest for the Orb.
     0 | D:1      | Reached XP level 1. HP: 22/22 MP: 0/0
   134 | D:1      | Reached XP level 2. HP: 29/29 MP: 1/1
   339 | D:1      | Reached XP level 3. HP: 36/36 MP: 2/2
  1490 | D:2      | Reached XP level 4. HP: 44/44 MP: 3/3
  1775 | D:3      | Found an iron altar of Okawaru.
  1784 | D:3      | Reached skill level 4 in Unarmed Combat
  1999 | D:3      | Found a blossoming altar of Fedhas.
  2095 | D:3      | Found a broken altar of Ashenzari.
  2221 | D:3      | Reached skill level 1 in Invocations
  2352 | D:3      | Found a glowing drain.
  2368 | Sewer    | Entered a sewer
  2396 | Sewer    | Noticed Pargi
  2412 | Sewer    | Killed Pargi
  2413 | Sewer    | Reached XP level 5. HP: 49/53 MP: 3/5
  2818 | D:4      | Identified the +0 spear of Squeaky Tender Mercy {flame,
                  | *Noise Str+3}
  2845 | D:4      | Reached skill level 5 in Unarmed Combat
  2845 | D:4      | Reached XP level 6. HP: 58/61 MP: 6/6
  2973 | D:4      | Found a staircase to the Ecumenical Temple.
  2988 | Temple   | Entered the Ecumenical Temple
  3147 | Temple   | Became a worshipper of Qazlal Stormbringer
  3147 | Temple   | Reached * piety under Qazlal
  3147 | Temple   | Reached ** piety under Qazlal
  3169 | D:4      | Noticed Grinder
  3187 | D:4      | Paralysed by Grinder for 2 turns
  3196 | D:4      | Killed Grinder
  3197 | D:4      | Reached skill level 6 in Unarmed Combat
  3197 | D:4      | Reached XP level 7. HP: 42/68 MP: 6/8
  3272 | D:4      | Noticed Menkaure
  3305 | D:4      | Killed Menkaure
  3625 | D:4      | Reached XP level 8. HP: 78/78 MP: 9/9
  3713 | D:5      | Entered Level 5 of the Dungeon
  3713 | D:5      | Noticed Duvessa
  3713 | D:5      | Noticed Dowan
  3718 | D:5      | Killed Dowan
  3726 | D:4      | Succumbed to Duvessa's poison

Illustrated notes

Levels and vault maps discovered:
D:1:      lightli_arrival_farm, layout_basic
D:2:      layout_loops_corners, minmay_pentomino_p4
D:3:      layout_loops_corners, mainiacjoe_overflow_paths,
          amcnicky_altar_gilded, evilmike_ruin_ashenzari, portal_sewer_entry_d,
          minmay_misc_feat_hallway, mrwooster_statue_mirror
D:4:      layout_rooms, minmay_temple_entry_offerings, minmay_ogre_servants,
          uniq_grinder, uniq_menkaure
D:5:      layout_cave_pools, nicolae_overflow_hidden_temple,
          serial_column_ruins, column_ruins_open_small,
          column_ruins_corridor_water, column_ruins_corridor_straight,
          column_ruins_open_tiny, column_ruins_open_small, column_ruins_grid_1,
          column_ruins_columns_water, nicolae_ossuary_entry_monument,
          lemuel_flamethrower_2, uniq_duvessa, uniq_crazy_yiuf_cottage,
          uniq_pikel
Temple:   hellmonk_temple_beads

Skill      XL: |  1  2  3  4  5  6  7 |
---------------+----------------------+-----
Dodging        | 3 4 |  4.3
Unarmed Combat | 4 5 6 |  6.6
Invocations    | 1 2 3 |  3.3
Fighting       | 3 4 |  4.2

Action                     |  1- 3 |  4- 6 |  7- 9 || total
---------------------------+-------+-------+-------++-------
  Melee: Unarmed           |    89 |   135 |    30 ||   254
    Use: Scroll            |       |     9 |       ||     9
 Armour: Robe              |    30 |    37 |     6 ||    73
  Dodge: Dodged            |    29 |    75 |    15 ||   119
  Block: Orb               |       |     2 |     4 ||     6
